TOP OF THE 1ST |
Toronto Blue Jays batting - Pitching for Minnesota Twins : LHP Adam Wood
|
Pitching: LHP Adam Wood
|
|
Batting: RHB Donny Burnside
|
0-0: Ball 1-0: Foul Ball, location: 2F 1-1: Ground out 3-1 (Groundball, 34, EV 98.8 MPH)
|
Batting: SHB Mark Rennie
|
0-0: Bunted foul 0-1: Fly out, F9 (Flyball, 89XD, EV 99.4 MPH)
|
Batting: RHB Jason May
|
0-0: Ball 1-0: Ball 2-0: Ball 3-0: Called Strike 3-1: Swinging Strike 3-2: Fly out, F7 (Flyball, 7D, EV 90.6 MPH)
|
Top of the 1st over - 0 runs, 0 hits, 0 errors, 0 left on base; Toronto 0 - Minnesota 0 |
BOTTOM OF THE 1ST |
Minnesota Twins batting - Pitching for Toronto Blue Jays : RHP Tony Rios
|
Pitching: RHP Tony Rios
|
|
Batting: RHB Danny Miramontes
|
0-0: Ball 1-0: Called Strike 1-1: Ball 2-1: Ball 3-1: Ground out 5-3 (Groundball, 56, EV 90.0 MPH)
|
Batting: LHB Joel Kunkler
|
0-0: Ball 1-0: Ball 2-0: Called Strike 2-1: Foul Ball, location: 2F 2-2: Foul Ball, location: 2F 2-2: Ball 3-2: Foul Ball, location: 2F 3-2: Base on Balls
|
Batting: RHB Hildo Pot
|
0-0: Ball 1-0: Swinging Strike 1-1: DOUBLE (Flyball, 8RXD, EV 102.5 MPH) Joel Kunkler to third
|
Batting: RHB Matthew Starr
|
0-0: Called Strike 0-1: Called Strike 0-2: Strikes out looking
|
Batting: RHB Jesse Scott
|
0-0: Swinging Strike 0-1: Ball 1-1: Swinging Strike 1-2: Strikes out looking
|
Bottom of the 1st over - 0 runs, 1 hit, 0 errors, 2 left on base; Toronto 0 - Minnesota 0 |
TOP OF THE 2ND |
Toronto Blue Jays batting - Pitching for Minnesota Twins : LHP Adam Wood
|
Batting: RHB Ruben Velasco
|
0-0: Foul Ball, location: 2F 0-1: Ball 1-1: Called Strike 1-2: Strikes out swinging
|
Batting: RHB Kirk Arp
|
0-0: Foul Ball, location: 2F 0-1: SINGLE (Groundball, 6MD, EV 95.0 MPH) (infield hit)
|
Batting: SHB Zory Larikov
|
0-0: Ball Kirk Arp is caught stealing 2nd base 2-4 1-0: Foul Ball, location: 2F 1-1: SINGLE (Groundball, 6MD, EV 108.8 MPH)
|
Batting: LHB Jon Schick
|
0-0: Ball 1-0: Called Strike Zory Larikov steals 2nd base 1-1: Called Strike 1-2: Ball 2-2: Ground out 4-3 (Groundball, 34D, EV 81.2 MPH)
|
Top of the 2nd over - 0 runs, 2 hits, 0 errors, 1 left on base; Toronto 0 - Minnesota 0 |
BOTTOM OF THE 2ND |
Minnesota Twins batting - Pitching for Toronto Blue Jays : RHP Tony Rios
|
Batting: RHB José Molina
|
0-0: Called Strike 0-1: Called Strike 0-2: Foul Ball, location: 2F 0-2: Strikes out swinging
|
Batting: RHB Mike Quackenbush
|
0-0: Called Strike 0-1: Foul Ball, location: 2F 0-2: Ball 1-2: Ball 2-2: SINGLE (Line Drive, 4MD, EV 105.6 MPH)
|
Batting: RHB Tony Rivera
|
0-0: Ball 1-0: SINGLE (Line Drive, 9S, EV 102.5 MPH) Mike Quackenbush to second
|
Batting: LHB Gerardo Flores
|
0-0: Grounds into double play, 3-6-3 (Groundball, 34, EV 84.4 MPH)
|
Bottom of the 2nd over - 0 runs, 2 hits, 0 errors, 1 left on base; Toronto 0 - Minnesota 0 |
TOP OF THE 3RD |
Toronto Blue Jays batting - Pitching for Minnesota Twins : LHP Adam Wood
|
Batting: SHB Dylan Novakowski
|
0-0: Called Strike 0-1: SINGLE (Groundball, 56, EV 85.6 MPH) (infield hit)
|
Batting: LHB Michael Byrd
|
0-0: Ball 1-0: Ball 2-0: DOUBLE (Flyball, 9LM, EV 99.4 MPH) Dylan Novakowski to third
|
Batting: RHB Donny Burnside
|
0-0: Ball 1-0: Called Strike 1-1: Ground out 5-3 (Groundball, 56, EV 86.9 MPH) Dylan Novakowski scores
|
Batting: SHB Mark Rennie
|
0-0: Foul Ball, location: 2F 0-1: Called Strike 0-2: Ball 1-2: Fly out, F9 (Line Drive, 9, EV 91.9 MPH)
|
Batting: RHB Jason May
|
0-0: Foul Ball, location: 2F 0-1: SINGLE (Groundball, 4MD, EV 105.0 MPH) Michael Byrd to third Runner from 3rd tries for Home, SAFE, throw by CF to home
|
Batting: RHB Ruben Velasco
|
0-0: Ball 1-0: Fly out, F7 (Flyball, 78S, EV 95.0 MPH)
|
Top of the 3rd over - 2 runs, 3 hits, 0 errors, 1 left on base; Toronto 2 - Minnesota 0 |
BOTTOM OF THE 3RD |
Minnesota Twins batting - Pitching for Toronto Blue Jays : RHP Tony Rios
|
Batting: RHB Danny Miramontes
|
0-0: Ball 1-0: Called Strike 1-1: Ball 2-1: Ball 3-1: Swinging Strike 3-2: SINGLE (Line Drive, 9LM, EV 108.8 MPH)
|
Batting: LHB Joel Kunkler
|
0-0: Ball 1-0: Ball 2-0: SINGLE (Groundball, 6D, EV 95.6 MPH) Danny Miramontes to second
|
Batting: RHB Hildo Pot
|
0-0: 3-RUN HOME RUN (Flyball, 7LD, EV 97.5 MPH), Distance : 360 ft
|
Batting: RHB Matthew Starr
|
0-0: Swinging Strike 0-1: Called Strike 0-2: Ball 1-2: Foul Ball, location: 2F 1-2: Foul Ball, location: 2F 1-2: Strikes out swinging
|
Batting: RHB Jesse Scott
|
0-0: Ball 1-0: Swinging Strike 1-1: Foul Ball, location: 2F 1-2: Ball 2-2: Ball 3-2: Strikes out looking
|
Batting: RHB José Molina
|
0-0: Called Strike 0-1: Ball 1-1: Foul Ball, location: 2F 1-2: Ground out 3-1 (Groundball, 34, EV 75.6 MPH)
|
Bottom of the 3rd over - 3 runs, 3 hits, 0 errors, 0 left on base; Toronto 2 - Minnesota 3 |
TOP OF THE 4TH |
Toronto Blue Jays batting - Pitching for Minnesota Twins : LHP Adam Wood
|
Batting: RHB Kirk Arp
|
0-0: Called Strike 0-1: Ground out 5-3 (Groundball, 56, EV 96.2 MPH)
|
Batting: SHB Zory Larikov
|
0-0: Ball 1-0: Ball 2-0: Called Strike 2-1: Ground out 3-1 (Groundball, 3L, EV 96.9 MPH)
|
Batting: LHB Jon Schick
|
0-0: Ball 1-0: Ball 2-0: Ball 3-0: Fly out, F4 (Popup, 4, EV 69.4 MPH)
|
Top of the 4th over - 0 runs, 0 hits, 0 errors, 0 left on base; Toronto 2 - Minnesota 3 |
BOTTOM OF THE 4TH |
Minnesota Twins batting - Pitching for Toronto Blue Jays : RHP Tony Rios
|
Batting: RHB Mike Quackenbush
|
0-0: Ball 1-0: Ball 2-0: Ground out 5-3 (Groundball, 56S, EV 63.8 MPH)
|
Batting: RHB Tony Rivera
|
0-0: Ball 1-0: SINGLE (Groundball, 25, EV 70.0 MPH) (infield hit)
|
Batting: LHB Gerardo Flores
|
0-0: Ball 1-0: Ball 2-0: Ball 3-0: Called Strike 3-1: Foul Ball, location: 2F 3-2: Foul Ball, location: 2F 3-2: Base on Balls Tony Rivera to second
|
Batting: RHB Danny Miramontes
|
0-0: Foul Ball, location: 2F 0-1: Grounds into double play, 1-6-3 (Groundball, 34S, EV 67.5 MPH)
|
Bottom of the 4th over - 0 runs, 1 hit, 0 errors, 1 left on base; Toronto 2 - Minnesota 3 |
TOP OF THE 5TH |
Toronto Blue Jays batting - Pitching for Minnesota Twins : LHP Adam Wood
|
Batting: SHB Dylan Novakowski
|
0-0: Ball 1-0: Ball 2-0: Called Strike 2-1: SINGLE (Groundball, 6, EV 98.1 MPH)
|
Batting: LHB Michael Byrd
|
0-0: Ball 1-0: Called Strike 1-1: Ball 2-1: Ball 3-1: Sac Bunt to 2R - play at first, batter OUT! 2-4 Dylan Novakowski to second
|
Batting: RHB Donny Burnside
|
0-0: Foul Ball, location: 2F 0-1: Ball 1-1: Ball 2-1: Foul Ball, location: 2F 2-2: SINGLE (Line Drive, 9S, EV 88.1 MPH) Dylan Novakowski to third
|
Batting: SHB Mark Rennie
|
0-0: Ball 1-0: Ball 2-0: Swinging Strike 2-1: Foul Ball, location: 2F 2-2: Foul Ball, location: 2F 2-2: Foul Ball, location: 2F 2-2: Strikes out looking
|
Batting: RHB Jason May
|
0-0: Ball 1-0: Ball 2-0: Ball 3-0: Base on Balls Donny Burnside to second
|
Batting: RHB Ruben Velasco
|
0-0: SINGLE (Line Drive, 3D, EV 97.5 MPH) Dylan Novakowski scores Donny Burnside to third Jason May to second
|
Batting: RHB Kirk Arp
|
0-0: Ball 1-0: Foul Ball, location: 2F 1-1: Swinging Strike 1-2: GRAND SLAM HOME RUN (Flyball, 7D, EV 101.9 MPH), Distance : 369 ft
|
Pitching: RHP Keeley Schenk
|
|
Batting: SHB Zory Larikov
|
0-0: Ball 1-0: Ball 2-0: Ground out 6-3 (Groundball, 6, EV 87.5 MPH)
|
Top of the 5th over - 5 runs, 4 hits, 0 errors, 0 left on base; Toronto 7 - Minnesota 3 |
BOTTOM OF THE 5TH |
Minnesota Twins batting - Pitching for Toronto Blue Jays : RHP Tony Rios
|
Batting: LHB Joel Kunkler
|
0-0: Called Strike 0-1: Ground out 6-3 (Groundball, 6, EV 86.9 MPH)
|
Batting: RHB Hildo Pot
|
0-0: Called Strike 0-1: Ball 1-1: Called Strike 1-2: Ball 2-2: Fly out, F7 (Flyball, 7D, EV 107.5 MPH)
|
Batting: RHB Matthew Starr
|
0-0: Ball 1-0: Fly out, F9 (Flyball, 89M, EV 91.9 MPH)
|
Bottom of the 5th over - 0 runs, 0 hits, 0 errors, 0 left on base; Toronto 7 - Minnesota 3 |
TOP OF THE 6TH |
Toronto Blue Jays batting - Pitching for Minnesota Twins : RHP Keeley Schenk
|
Batting: LHB Jon Schick
|
0-0: Called Strike 0-1: Ball 1-1: Ball 2-1: Ground out 4-3 (Groundball, 34, EV 102.5 MPH)
|
Batting: SHB Dylan Novakowski
|
0-0: Called Strike 0-1: Ball 1-1: Foul Ball, location: 2F 1-2: SINGLE (Groundball, 34D, EV 111.9 MPH)
|
Batting: LHB Michael Byrd
|
0-0: Called Strike 0-1: Ball Dylan Novakowski steals 2nd base 1-1: Foul Ball, location: 2F 1-2: Foul Ball, location: 2F 1-2: Ground out 2-3 (Groundball, 13S, EV 68.8 MPH) Dylan Novakowski to third
|
Batting: RHB Donny Burnside
|
0-0: Ball 1-0: Ball 2-0: Foul Ball, location: 2F 2-1: Ball 3-1: Base on Balls
|
Batting: SHB Mark Rennie
|
0-0: Ball 1-0: Foul Ball, location: 2F 1-1: Fly out, F8 (Flyball, 8RM, EV 87.5 MPH)
|
Top of the 6th over - 0 runs, 1 hit, 0 errors, 2 left on base; Toronto 7 - Minnesota 3 |
BOTTOM OF THE 6TH |
Minnesota Twins batting - Pitching for Toronto Blue Jays : RHP Tony Rios
|
Batting: RHB Jesse Scott
|
0-0: Foul Ball, location: 2F 0-1: Called Strike 0-2: Foul Ball, location: 2F 0-2: Ball 1-2: Foul Ball, location: 2F 1-2: Ground out 6-3 (Groundball, 6, EV 80.6 MPH)
|
Batting: RHB José Molina
|
0-0: Called Strike 0-1: Called Strike 0-2: Ball 1-2: Ball 2-2: SINGLE (Groundball, 6S, EV 66.9 MPH) (infield hit)
|
Batting: RHB Mike Quackenbush
|
0-0: Called Strike José Molina steals 2nd base 0-1: Foul Ball, location: 2F 0-2: Strikes out looking
|
Batting: RHB Tony Rivera
|
0-0: Ball 1-0: Foul Ball, location: 2F 1-1: Ball 2-1: Fly out, F8 (Flyball, 8RM, EV 87.5 MPH)
|
Bottom of the 6th over - 0 runs, 1 hit, 0 errors, 1 left on base; Toronto 7 - Minnesota 3 |
TOP OF THE 7TH |
Toronto Blue Jays batting - Pitching for Minnesota Twins : RHP Keeley Schenk
|
Pitching: RHP Ryan Bushey
|
|
Batting: RHB Jason May
|
0-0: Called Strike 0-1: Foul Ball, location: 2F 0-2: Ball 1-2: Strikes out looking
|
Batting: RHB Ruben Velasco
|
0-0: Ball 1-0: Foul Ball, location: 2F 1-1: Called Strike 1-2: Ball 2-2: Strikes out swinging
|
Batting: RHB Kirk Arp
|
0-0: Called Strike 0-1: Ball 1-1: Foul Ball, location: 2F 1-2: Strikes out swinging
|
Top of the 7th over - 0 runs, 0 hits, 0 errors, 0 left on base; Toronto 7 - Minnesota 3 |
BOTTOM OF THE 7TH |
Minnesota Twins batting - Pitching for Toronto Blue Jays : RHP Tony Rios
|
Batting: LHB Gerardo Flores
|
0-0: Called Strike 0-1: Foul Ball, location: 2F 0-2: Ball 1-2: Foul Ball, location: 2F 1-2: Strikes out swinging
|
Pitching: RHP Larry Legros
|
|
Batting: RHB Danny Miramontes
|
0-0: Ball 1-0: Called Strike 1-1: Swinging Strike 1-2: Ball 2-2: Reached on error, E4 (Groundball, 4, EV 80.6 MPH)
|
Batting: LHB Joel Kunkler
|
|
Pitching: LHP Tim Franco
|
0-0: Foul Ball, location: 2F 0-1: Ball 1-1: Swinging Strike 1-2: Strikes out swinging
|
Batting: RHB Hildo Pot
|
0-0: Swinging Strike 0-1: Ball 1-1: Ball 2-1: SINGLE (Groundball, 34D, EV 103.1 MPH) Danny Miramontes to second Runner from 2nd tries for 3rd, SAFE, throw by RF made to third
|
Batting: RHB Matthew Starr
|
0-0: Ground out 4-3 (Groundball, 4, EV 78.8 MPH)
|
Bottom of the 7th over - 0 runs, 1 hit, 1 error, 2 left on base; Toronto 7 - Minnesota 3 |
TOP OF THE 8TH |
Toronto Blue Jays batting - Pitching for Minnesota Twins : RHP Ryan Bushey
|
Batting: SHB Zory Larikov
|
0-0: Called Strike 0-1: Foul Ball, location: 2F 0-2: Hit by Pitch
|
Batting: LHB Jon Schick
|
0-0: Ball 1-0: Ball 2-0: Ball 3-0: Base on Balls Zory Larikov to second
|
Batting: SHB Dylan Novakowski
|
0-0: Sac Bunt to 25 - play at first, batter OUT! 5-3 Zory Larikov to third Jon Schick to second
|
Batting: LHB Michael Byrd
|
0-0: Foul Ball, location: 2F 0-1: SINGLE (Line Drive, 9LM, EV 95.6 MPH) Zory Larikov scores Jon Schick to third
|
Batting: RHB Donny Burnside
|
0-0: Called Strike Michael Byrd steals 2nd base 0-1: Ground out 4-3 (Groundball, 4S, EV 70.6 MPH) Jon Schick scores Michael Byrd to third
|
Batting: SHB Mark Rennie
|
0-0: Called Strike 0-1: Ball 1-1: Ball 2-1: Ball 3-1: Foul Ball, location: 2F 3-2: Foul Ball, location: 2F 3-2: Base on Balls
|
Batting: RHB Jason May
|
0-0: Called Strike 0-1: Ball 1-1: Ball 2-1: SINGLE (Groundball, 6MD, EV 106.2 MPH) Michael Byrd scores Mark Rennie to second
|
Pitching: RHP Danny Jaramillo
|
|
Batting: RHB Ruben Velasco
|
0-0: Ball 1-0: Ball 2-0: Ball 3-0: Called Strike 3-1: Base on Balls Mark Rennie to third Jason May to second
|
Batting: RHB Kirk Arp
|
0-0: Called Strike 0-1: Foul Ball, location: 2F 0-2: Fly out, F9 (Flyball, 9LM, EV 95.0 MPH)
|
Top of the 8th over - 3 runs, 2 hits, 0 errors, 3 left on base; Toronto 10 - Minnesota 3 |
BOTTOM OF THE 8TH |
Minnesota Twins batting - Pitching for Toronto Blue Jays : LHP Tim Franco
|
Batting: RHB Jesse Scott
|
0-0: Called Strike 0-1: Called Strike 0-2: Ball 1-2: Strikes out swinging
|
Batting: RHB José Molina
|
0-0: Ball 1-0: Ball 2-0: Called Strike 2-1: Swinging Strike 2-2: Strikes out swinging
|
Batting: RHB Mike Quackenbush
|
0-0: Swinging Strike 0-1: Foul Ball, location: 2F 0-2: Foul Ball, location: 2F 0-2: DOUBLE (Flyball, 78XD, EV 98.8 MPH)
|
Batting: RHB Tony Rivera
|
0-0: Ball 1-0: Called Strike 1-1: Ball 2-1: Ball 3-1: Foul Ball, location: 2F 3-2: Strikes out swinging
|
Bottom of the 8th over - 0 runs, 1 hit, 0 errors, 1 left on base; Toronto 10 - Minnesota 3 |
TOP OF THE 9TH |
Toronto Blue Jays batting - Pitching for Minnesota Twins : RHP Danny Jaramillo
|
Batting: SHB Zory Larikov
|
0-0: Ball 1-0: Called Strike 1-1: Ball 2-1: Ball 3-1: Base on Balls
|
Batting: LHB Jon Schick
|
0-0: Called Strike 0-1: Ball 1-1: Foul Ball, location: 2F 1-2: Ball 2-2: Strikes out looking
|
Batting: SHB Dylan Novakowski
|
0-0: Called Strike Zory Larikov steals 2nd, throwing error, E2 Zory Larikov to third 0-1: Ball 1-1: Swinging Strike 1-2: Foul Ball, location: 2F 1-2: Strikes out looking
|
Batting: LHB Michael Byrd
|
0-0: Ball 1-0: Foul Ball, location: 2F 1-1: Foul Ball, location: 2F 1-2: Ball 2-2: DOUBLE (Line Drive, 5D, EV 101.2 MPH) Zory Larikov scores
|
Batting: RHB Donny Burnside
|
0-0: SINGLE (Groundball, 6M, EV 105.0 MPH) (infield hit) Michael Byrd to third
|
Pitching: RHP Tomas Vargas
|
|
Batting: SHB Mark Rennie
|
0-0: Fly out, F4 (Popup, 34D, EV 57.5 MPH)
|
Top of the 9th over - 1 run, 2 hits, 1 error, 2 left on base; Toronto 11 - Minnesota 3 |
BOTTOM OF THE 9TH |
Minnesota Twins batting - Pitching for Toronto Blue Jays : LHP Tim Franco
|
Batting: LHB Gerardo Flores
|
0-0: Foul Ball, location: 2F 0-1: Ball 1-1: Ground out U3 (Groundball, 34, EV 94.4 MPH)
|
Batting: RHB Väinö Tapaninen
|
0-0: Called Strike 0-1: Foul Ball, location: 2F 0-2: Foul Ball, location: 2F 0-2: Ball 1-2: Foul Ball, location: 2F 1-2: Strikes out looking
|
Batting: LHB Joel Kunkler
|
0-0: Ball 1-0: Fly out, F7 (Flyball, 78D, EV 102.5 MPH)
|
Bottom of the 9th over - 0 runs, 0 hits, 0 errors, 0 left on base; Toronto 11 - Minnesota 3 |
|